 Dungeon Crawl Stone Soup version 0.32-a0-43-g058985b245 (webtiles) character file.

Game seed: 994515726889501786

724 SpellstutterSprite the Apothecary (level 7, -5/41 HPs)
             Began as a Mummy Alchemist on Feb 4, 2024.
             Was a Follower of Hepliaklqana.
             Shot with an arrow by a centaur (11 damage)
             ... on level 5 of the Dungeon.
             The game lasted 00:05:25 (5411 turns).

SpellstutterSprite the Apothecary (Mummy Alchemist) Turns: 5411, Time: 00:05:25

Health: -5/41      AC:  2    Str: 11    XL:     7   Next: 43%
Magic:  11/13      EV: 12    Int: 17    God:    Hepliaklqana [*.....]
Gold:   199        SH:  5    Dex: 12    Spells: 9/14 levels left

rFire   x . .        n - +1 short sword (venom)
rCold   + . .        (no shield)
rNeg    + + +        a - +0 robe
rPois   ∞            (no helmet)
rElec   .            (no cloak)
rCorr   .            (no gloves)
SInv    .            (no boots)
Will    .....        e - amulet of reflection
Stlth   ++           (no ring)
HPRegen 0.26/turn    (no ring)
MPRegen 0.13/turn

%: reflection, faith
@: no status effects
A: reduced essence, cold resistance 1, negative energy resistance 3, torment
resistance 2, heat vulnerability 1, in touch with death 1, no potions, faith
a: Renounce Religion, Recall Ancestor, Ancestor Identity


You were on level 5 of the Dungeon.
You worshipped Hepliaklqana.
Hepliaklqana was aware of your devotion.
You visited 1 branch of the dungeon, and saw 5 of its levels.

You collected 199 gold pieces.

Inventory:

Hand Weapons
 f - a +0 short sword
 n - a +1 short sword of venom (weapon)
Armour
 a - a +0 robe (worn)
 l - a +0 pair of boots
Jewellery
 e - an amulet of reflection (around neck)
 k - a ring of protection from cold
Wands
 m - a wand of flame (17)
Scrolls
 b - 2 scrolls of immolation {unknown}
 c - 3 scrolls of enchant armour {unknown}
 d - a scroll of summoning {unknown}
 g - a scroll of noise {unknown}
 h - 2 scrolls of enchant weapon {unknown}
 i - a scroll of teleportation {unknown}
 j - 2 scrolls of identify {unknown}


   Skills:
 - Level 1.5 Dodging
 - Level 1.5 Stealth
 - Level 4.0 Spellcasting
 - Level 0.7 Conjurations
 * Level 7.0 Alchemy


You had 9 spell levels left.
You knew the following spells:

 Your Spells              Type           Power      Damage    Failure   Level
o - Olgreb's Toxic Radia  Alch           27%        N/A       9%          4
s - Sting                 Conj/Alch      64%        1d7       3%          1

Your spell library contained the following spells:

 Spells                   Type           Power      Damage    Failure   Level
 Mercury Vapours          Alch/Air       30%        N/A       5%          2
 Mephitic Cloud           Conj/Alch/Air  12%        N/A       16%         3
 Sticky Flame             Fire/Alch      15%        2d5       36%         4
 Gell's Gravitas          Tloc           3%         N/A       43%         3
 Teleport Other           Tloc           3%         N/A       43%         3
 Dispersal                Tloc           1%         N/A       100%        6


Dungeon Overview and Level Annotations

Branches:
Dungeon (5/15)
 Temple: D:4-7

Altars:
Gozag
Hepliaklqana
Sif Muna
Trog


Innate Abilities, Weirdness & Mutations

Your life essence is reduced to manifest your ancestor. (-10% HP)
You are immune to poison.
Your flesh is cold resistant. (rC+)
You are immune to negative energy. (rN+++)
You are immune to unholy pain and torment.
You are vulnerable to heat. (rF-)
You are in touch with the powers of death.
You do not drink.
You have a special connection with the divine. (Faith)


Message History

You can't see any susceptible monsters within range! (Use Z to cast anyway.)
There is a strange disturbance nearby!
Casting: Olgreb's Toxic Radiance (quite dangerous; 10% risk of failure)
Confirm with . or Enter, or press ? or * to list all spells.
You begin to radiate toxic energy.
Reactivating autopickup.
You feel a bit more experienced. x2
Your Alchemy skill increases to level 7!
Your toxic aura wanes.
Your magical contamination has completely faded away.
There is an open door here.
You swap places.
There is a shimmering blue altar of Sif Muna here.
A centaur comes into view.
A centaur is nearby!
A centaur is nearby!
A centaur is nearby!
Unknown command.
The sting hits the centaur!
The centaur is poisoned.
The centaur is moderately wounded.
The centaur shouts!
The centaur wields a +0 shortbow.
The centaur shoots an arrow.
The arrow hits you!
The centaur shoots an arrow.
The arrow barely misses you.
The centaur shoots an arrow.
The arrow hits you!
You are too injured to fight recklessly!
You are too injured to fight recklessly!
You are too injured to fight recklessly!
Unknown command.
Casting: Sting (safe; 3% risk of failure)
Confirm with . or Enter, or press ? or * to list all spells.
Aiming: Sting (safe; 3% risk of failure)
Press: ? - help, Shift-Dir - straight line, f/p - centaur
Aim: a centaur, wielding a +0 shortbow (heavily wounded, poisoned, ally target, 84% to hit)
The sting hits the centaur but does no damage.
The centaur looks even sicker.
The centaur is heavily wounded.
The centaur shoots an arrow.
The arrow hits you!
* * * LOW HITPOINT WARNING * * *
The centaur shoots an arrow.
The arrow hits you!
You die...

#....##...##.....#.#...#
#................###.###
##########................#.....
#.......##..............#...#...
#.......†....##...##....##.##.>.
#............##...##.....#.#....
#.................# ...#.....#.#
.........##.##....# ...##.#.##.#
........##...##@R.# ....#...#...
#..>....#.._..#...# #...†...#.
.....>..#.8.8.#...# ##.....###
.......###'###...c# #....)#.#
..... #...##....# #...###....
#...##....# ##.. ##.#.
#≈≈≈##....# #.. #.#. #)>.##....#
.. #.!. ##### .. ####


You could see the friendly Ealamassi the ancestor and a centaur (very poisoned,
ally target).

Vanquished Creatures
  Sigmund (D:3)
  3 hounds
  A jelly (D:4)
  Jessica (D:3)
  Ijyb (D:5)
  Natasha (thrice) (D:4)
  5 orc wizards
  5 adders
  A ribbon worm (D:4)
  5 dart slugs
  13 orcs
  9 endoplasms
  4 giant cockroaches
  A hobgoblin (D:4)
  8 jackals
  5 kobolds
  3 quokkas
  9 ball pythons
  8 bats
  7 frilled lizards
  3 goblins
  5 rats
101 creatures vanquished.

Vanquished Creatures (collateral kills)
  An orc priest (D:5)
  A white imp (D:5)
  2 orcs (D:5)
  A jackal (D:5)
5 creatures vanquished.

Grand Total: 106 creatures vanquished

Notes
Turn   | Place    | Note
-------+----------+-------------------------------------------
     0 | D:1      | SpellstutterSprite the Mummy Alchemist began the quest for
                  | the Orb.
     0 | D:1      | Reached XP level 1. HP: 13/13 MP: 4/4
   297 | D:1      | Reached XP level 2. HP: 19/19 MP: 4/6
   813 | D:1      | Reached skill level 3 in Alchemy
  1466 | D:1      | Reached XP level 3. HP: 24/24 MP: 3/7
  2673 | D:3      | Noticed Sigmund
  2721 | D:3      | Killed Sigmund
  2722 | D:3      | Reached skill level 4 in Alchemy
  2722 | D:3      | Reached XP level 4. HP: 30/30 MP: 3/10
  2722 | D:3      | Reached XP level 5. HP: 35/35 MP: 3/11
  3158 | D:3      | Reached skill level 5 in Alchemy
  3271 | D:3      | Found a bloodstained altar of Trog.
  3285 | D:3      | Found a hazy altar of Hepliaklqana.
  3403 | D:3      | Noticed Jessica
  3406 | D:3      | Killed Jessica
  3491 | D:3      | Became a worshipper of Hepliaklqana the Forgotten
  3514 | D:3      | Learned a level 4 spell: Olgreb's Toxic Radiance
  3522 | D:3      | Reached XP level 6. HP: 31/41 MP: 7/12
  3992 | D:4      | Reached skill level 6 in Alchemy
  4229 | D:4      | Noticed Natasha
  4235 | D:4      | Killed Natasha
  4450 | D:4      | Noticed Natasha
  4460 | D:4      | Killed Natasha
  4523 | D:4      | Found an opulent altar of Gozag.
  4654 | D:4      | Reached XP level 7. HP: 44/46 MP: 8/13
  4749 | D:4      | Noticed Natasha
  4755 | D:4      | Killed Natasha
  4830 | D:4      | Reached * piety under Hepliaklqana
  4910 | D:5      | Entered Level 5 of the Dungeon
  4951 | D:5      | Noticed Ijyb
  4957 | D:5      | Killed Ijyb
  5265 | D:5      | Found a shimmering blue altar of Sif Muna.
  5315 | D:5      | Reached skill level 7 in Alchemy
  5411 | D:5      | Shot with an arrow by a centaur

Illustrated notes

Levels and vault maps discovered:
D:1:      saegor_arrival_simple_c, layout_loops_corners, serial_rivers,
          chequers_serial_rivers_small_b, chequers_serial_rivers_micro_d,
          chequers_serial_rivers_marsh, chequers_serial_rivers_small_b,
          chequers_serial_rivers_large_b, chequers_serial_rivers_micro_e
D:2:      layout_basic, minmay_misc_feat_encased
D:3:      layout_rooms, mainiacjoe_overflow_swirl, minmay_misc_feat_nine_boxes,
          chequers_garden, uniq_sigmund, uniq_jessica
D:4:      layout_loops_ring, grunt_gozag_breadcrumbs, minmay_checkerbox,
          uniq_natasha
D:5:      layout_gridville, led_sif_book, lemuel_coloured_pillars_altar,
          serial_bayou, serial_bayou_lake_a, serial_bayou_shore_a,
          serial_bayou_pond_d, serial_bayou_crossing, nicolae_zig_zag_zippers,
          uniq_blork_the_orc, uniq_ijyb

Skill      XL: |  1  2  3  4  5  6  7 |
---------------+----------------------+-----
Spellcasting   | 3 4 |  4.0
Alchemy        | 3 4 5 6 7 |  7.0
Dodging        | |  1.5
Stealth        | |  1.5
Conjurations   | |  0.7

Action                     |  1- 3 |  4- 6 |  7- 9 || total
---------------------------+-------+-------+-------++-------
  Melee: Unarmed           |    10 |       |       ||    10
         Short sword       |       |     3 |       ||     3
   Cast: Sting             |   117 |   108 |    34 ||   259
         Olgreb's Toxic Ra |       |     1 |     3 ||     4
 Armour: Robe              |    22 |    35 |     7 ||    64
  Dodge: Dodged            |    51 |    25 |     8 ||    84
  Block: Other             |       |     9 |     4 ||    13
         Reflection        |       |     1 |     1 ||     2

Table legend: (Time is in decaauts)
 A = Elapsed time spent in this place.
 B = Non-inter-level travel time spent in this place.
 C = Inter-level travel time spent in this place.
 D = Time resting spent in this place.
 E = Time spent auto-exploring this place.
 F = Levels seen in this place.
 G = Mean time per level.
                   A        B        C        D        E       F      G
               +--------+--------+--------+--------+--------+-----+--------+
         Total |   5486 |   5279 |    207 |    137 |   4441 |   5 | 1097.2 |
       Dungeon |   5486 |   5279 |    207 |    137 |   4441 |   5 | 1097.2 |
               +--------+--------+--------+--------+--------+-----+--------+

Top non-repeatable levels by time:
     D:1: 1873 daAuts
     D:4: 1180 daAuts
     D:3: 1095 daAuts
     D:2: 814 daAuts
     D:5: 521 daAuts
